[Event "Titled Tuesday Blitz April 12 Late 2022"]
[White "Janaszak, Dawid"]
[Black "Artemiev, Vladislav"]
[WhiteFideId "1119206"]
[BlackFideId "24101605"]
[WhiteElo "2199"]
[BlackElo "2811"]
[Result "0-1"]
[Round "08"]
[TimeControl "180+1"]
[Date "2022.04.12"]
[WhiteClock "0:00:09"]
[BlackClock "0:00:47"]

1. e4 g6 2. Nc3 Bg7 3. h4 c5 4. Bc4 Nc6 5. h5 e6 6. d3 Nge7 7. h6 Bxc3+ 8. bxc3 d5 9. exd5 exd5 10. Bb3 Qd6 11. Ne2 Bf5 12. Bf4 Qd7 13. Qd2 O-O-O 14. Bg3 f6 15. O-O Rhe8 16. a4 Na5 17. Qf4 Nec6 18. Rfe1 g5 19. Qd2 Re7 20. Bh2 Rde8 21. Ng3 Bg6 22. Nf1 Rxe1 23. Rxe1 Rxe1 24. Qxe1 Nxb3 25. cxb3 Bxd3 26. Ne3 d4 27. cxd4 Nxd4 28. Qa5 b6 29. Qd2 Ba6 30. Kh1 Nxb3 31. Qc3 Nd4 32. a5 Qb5 33. axb6 Qb1+ 34. Bg1 Qxg1+ 0-1


[Site "https://www.chess.com"]

[Event "Titled Tuesday Blitz April 12 Late 2022"]
[White "Janturin, Artur"]
[Black "Harish, Neeraj"]
[WhiteFideId "4130022"]
[BlackFideId "30958130"]
[WhiteElo "2358"]
[BlackElo "1574"]
[Result "1-0"]
[Round "08"]
[TimeControl "180+1"]
[Date "2022.04.13"]
[WhiteClock "0:01:29"]
[BlackClock "0:00:14"]

1. b3 e5 2. Bb2 Nc6 3. e3 d5 4. Bb5 Bd6 5. f4 exf4 6. Bxg7 Qh4+ 7. Kf1 fxe3 8. Qe1 Qf4+ 9. Nf3 Ne7 10. Bxh8 Bg4 11. Qxe3 Qf5 12. Bxc6+ bxc6 13. Nc3 O-O-O 14. Bd4 c5 15. Bxc5 Bxc5 16. Qxc5 Bxf3 17. Qf2 Bg4 18. Qxf5+ Bxf5 19. d3 d4 20. Ne2 Bg4 21. h3 Bxe2+ 22. Kxe2 Nd5 23. Raf1 Nc3+ 24. Kd2 Re8 25. Re1 Rd8 26. Rhf1 Rd7 27. Re8+ Kb7 28. Rf8 Re7 29. Rf2 1-0


[Site "https://www.chess.com"]

[Event "Titled Tuesday Blitz April 12 Late 2022"]
[White "Kalavannan, Koby"]
[Black "Dimakiling, Oliver"]
[WhiteFideId "425753"]
[BlackFideId "5202248"]
[WhiteElo "2561"]
[BlackElo "2681"]
[Result "0-1"]
[Round "08"]
[TimeControl "180+1"]
[Date "2022.04.13"]
[WhiteClock "0:00:13"]
[BlackClock "0:01:34"]

1. d4 Nf6 2. c4 d6 3. Nf3 Bf5 4. Nc3 h6 5. Qb3 Qc8 6. h3 Nbd7 7. Bf4 c6 8. Nd2 g5 9. Bh2 c5 10. d5 Bg7 11. e4 Bg6 12. Be2 O-O 13. O-O a6 14. Rae1 Re8 15. Qd1 Qc7 16. f4 gxf4 17. Bxf4 e6 18. dxe6 Rxe6 19. Nd5 Qc6 20. Bg4 Nxg4 21. Qxg4 Rae8 22. h4 h5 23. Qg3 b5 24. cxb5 axb5 25. Re2 c4 26. Rfe1 Bxb2 27. Nxc4 Bd4+ 28. Nce3 Rxe4 29. Kh1 Kh7 30. Bxd6 Nf6 31. Ne7 R8xe7 32. Bxe7 Rxe7 33. Qg5 Re5 34. Qf4 Re4 35. Qh2 Bxe3 36. Rxe3 Ng4 37. Qg3 Nxe3 38. Rxe3 Qc1+ 0-1


[Site "https://www.chess.com"]

[Event "Titled Tuesday Blitz April 12 Late 2022"]
[White "Kanyamarala, Tarun"]
[Black "Ansh M Shah"]
[WhiteFideId "45004714"]
[BlackFideId "25033379"]
[WhiteElo "2177"]
[BlackElo "1819"]
[Result "0-1"]
[Round "08"]
[TimeControl "180+1"]
[Date "2022.04.13"]
[WhiteClock "0:00:01"]
[BlackClock "0:00:10"]

1. d4 Nf6 2. c4 g6 3. g3 d5 4. cxd5 Nxd5 5. Bg2 Bg7 6. e4 Nf6 7. Nc3 c6 8. Nf3 O-O 9. O-O a5 10. h3 Na6 11. Bg5 h6 12. Be3 Kh7 13. Qd2 Nd7 14. e5 Nb6 15. Nh4 Nc4 16. Qc1 Nxe3 17. fxe3 Nb4 18. Qb1 Kg8 19. Ne4 Nd5 20. Qd3 b6 21. Rf2 Ba6 22. Qd2 Nb4 23. Nc3 Rc8 24. e6 g5 25. exf7+ Rxf7 26. Nf5 c5 27. Nxg7 Rxf2 28. Qxf2 Kxg7 29. Qf5 Qf8 30. Qg4 cxd4 31. exd4 Nd3 32. Rf1 Qd8 33. Qf3 Qxd4+ 34. Kh2 Ne5 35. Qf5 Bxf1 36. Qxc8 Qf2 37. Qb7 Bxg2 38. Qxe7+ Nf7 39. Qe3 Qxe3 0-1


[Site "https://www.chess.com"]

[Event "Titled Tuesday Blitz April 12 Late 2022"]
[White "Kavyev, Ruslan"]
[Black "Cagara, Paulina"]
[WhiteFideId "34110981"]
[BlackFideId "1124870"]
[WhiteElo "2182"]
[BlackElo "1780"]
[Result "1-0"]
[Round "08"]
[TimeControl "180+1"]
[Date "2022.04.13"]
[WhiteClock "0:00:23"]
[BlackClock "0:00:15"]

1. e4 c6 2. d4 d5 3. exd5 cxd5 4. Bd3 Nc6 5. c3 Nf6 6. Bf4 Bg4 7. Qb3 Qc8 8. Nd2 e6 9. Ngf3 Be7 10. O-O O-O 11. Rae1 a6 12. Ne5 Bh5 13. Ndf3 b5 14. h3 Na5 15. Qc2 Bg6 16. Nxg6 hxg6 17. Ne5 Nc4 18. g4 a5 19. Bg3 Nxe5 20. Bxe5 b4 21. f4 bxc3 22. bxc3 Qc6 23. f5 gxf5 24. gxf5 Rac8 25. fxe6 fxe6 26. Re3 Kh8 27. Qf2 Ne4 28. Qg2 Rxf1+ 29. Kxf1 Rf8+ 30. Kg1 Bg5 31. Rxe4 dxe4 32. Qxg5 Qb7 33. Qh4+ Kg8 34. Bxe4 Qb2 35. Qh7+ Kf7 36. Qxg7+ Ke8 37. Bc6+ Kd8 38. Qc7# 1-0


[Site "https://www.chess.com"]

[Event "Titled Tuesday Blitz April 12 Late 2022"]
[White "Khabinets, Ivan"]
[Black "Papasimakopoulos, Alexandros"]
[WhiteFideId "14115980"]
[BlackFideId "4244125"]
[WhiteElo "2114"]
[BlackElo "2340"]
[Result "1-0"]
[Round "08"]
[TimeControl "180+1"]
[Date "2022.04.12"]
[WhiteClock "0:01:39"]
[BlackClock "0:01:01"]

1. e4 e6 2. d4 d5 3. Nc3 Bb4 4. Ne2 Nc6 5. e5 Nge7 6. a3 Ba5 7. Be3 O-O 8. f4 f6 9. g3 Nf5 10. Bf2 fxe5 11. fxe5 Bd7 12. Bg2 Be8 13. b4 Bb6 14. O-O Bh5 15. Qd2 a6 16. Nf4 Qe8 17. Nxe6 Rf7 18. Nc5 Bxc5 19. bxc5 Nce7 20. Nxd5 c6 21. Nf4 Bg6 22. Nxg6 Nxg6 23. c3 Qd7 24. Qc2 Raf8 25. Rab1 Nge7 26. Be4 Nd5 27. Qd3 g6 28. c4 Nde7 29. d5 cxd5 30. cxd5 Qa4 31. Rb4 Qd7 32. e6 Qd8 33. exf7+ Rxf7 34. d6 Nc6 35. Rxb7 Rxb7 36. Bxc6 Rb2 37. Bd5+ Kf8 38. Bd4 Rb8 39. Rxf5+ gxf5 40. Qxf5+ Ke8 41. Qe6+ Kf8 42. Qg8# 1-0


[Site "https://www.chess.com"]

[Event "Titled Tuesday Blitz April 12 Late 2022"]
[White "Khamzin, Olzhas"]
[Black "profaVa"]
[WhiteFideId "13701690"]
[WhiteElo "2155"]
[BlackElo "2415"]
[Result "1-0"]
[Round "08"]
[TimeControl "180+1"]
[Date "2022.04.13"]
[WhiteClock "0:00:04"]
[BlackClock "0:00:01"]

1. c4 e5 2. Nc3 Nc6 3. g3 Nf6 4. Bg2 Bc5 5. d3 d6 6. Nf3 a6 7. O-O h6 8. a3 O-O 9. b4 Ba7 10. Bb2 Bf5 11. Nh4 Bg4 12. h3 Be6 13. Kh2 Nh7 14. Nd5 g5 15. Nf3 f5 16. e3 g4 17. Nh4 Ng5 18. b5 axb5 19. cxb5 gxh3 20. Bh1 Ne7 21. Nxe7+ Qxe7 22. Qh5 Qg7 23. Bxb7 Rab8 24. Bc6 Rf6 25. f4 Nf7 26. fxe5 Nxe5 27. Bxe5 dxe5 28. Nxf5 Bxf5 29. Rxf5 Bxe3 30. Raf1 Rbf8 31. Qxh3 Bg5 32. a4 Qe7 33. a5 Kg7 34. a6 Rxf5 35. Rxf5 Rxf5 36. Qxf5 Qc5 37. Be8 Qc2+ 38. Kh3 Qc1 39. Qf7+ Kh8 40. Qf8+ Kh7 41. Qf5+ Kg7 42. Qg6+ Kh8 43. Kg4 Qd1+ 44. Kf5 Qxd3+ 45. Ke6 Qd6+ 46. Kf5 Qd3+ 47. Kg4 Qe2+ 48. Kf5 1-0


[Site "https://www.chess.com"]

[Event "Titled Tuesday Blitz April 12 Late 2022"]
[White "Koelle, Tobias"]
[Black "Svane, Frederik"]
[WhiteFideId "16207378"]
[BlackFideId "12923044"]
[WhiteElo "2541"]
[BlackElo "2459"]
[Result "1-0"]
[Round "08"]
[TimeControl "180+1"]
[Date "2022.04.12"]
[WhiteClock "0:00:44"]
[BlackClock "0:00:07"]

1. d4 Nf6 2. c4 e6 3. Nc3 Bb4 4. Qc2 O-O 5. a3 Bxc3+ 6. Qxc3 d5 7. Nf3 dxc4 8. Qxc4 b6 9. e3 Ba6 10. Qc2 Bxf1 11. Kxf1 Qd5 12. Bd2 Rc8 13. Bc3 Nbd7 14. Rd1 Ne4 15. Nd2 Ndf6 16. Nxe4 Nxe4 17. f3 Nxc3 18. Qxc3 Qb5+ 19. Kf2 c5 20. d5 exd5 21. Rxd5 Rd8 22. Rhd1 Rxd5 23. Rxd5 h6 24. h3 Qc6 25. e4 Rc8 26. Qe5 c4 27. Qe7 Rc7 28. Qe5 c3 29. bxc3 Qxc3 30. Qf5 g6 31. Qf4 Kg7 32. Kg3 Re7 33. e5 Re6 34. Rd7 Qe1+ 35. Kh2 Qxe5 36. Rxf7+ Kg8 37. Rf8+ Kg7 38. Rf7+ Kg8 39. Qxe5 Rxe5 40. Rxa7 Rc5 41. Kg3 Rc2 42. a4 Ra2 43. h4 b5 44. Ra6 Kg7 45. axb5 Rb2 46. Rb6 Rb4 47. Rb8 Rb2 48. b6 h5 49. Kh3 Rb4 50. Kg3 Rb2 51. Rb7+ Kf6 52. Kh3 Rb4 53. g4 hxg4+ 54. fxg4 Rb3+ 55. Kg2 Ke5 56. h5 gxh5 57. gxh5 Kf6 58. h6 Rb5 59. h7 Rh5 60. Rc7 Rg5+ 61. Kf3 Rf5+ 62. Ke4 Re5+ 63. Kd4 Re8 64. b7 Rd8+ 65. Kc5 Ke6 66. Rc8 Rd5+ 67. Kb6 1-0


[Site "https://www.chess.com"]

[Event "Titled Tuesday Blitz April 12 Late 2022"]
[White "Korchmar, Vasiliy"]
[Black "Melkumyan, Hrant"]
[WhiteFideId "24131750"]
[BlackFideId "13302485"]
[WhiteElo "2370"]
[BlackElo "2604"]
[Result "1-0"]
[Round "08"]
[TimeControl "180+1"]
[Date "2022.04.12"]
[WhiteClock "0:00:07"]
[BlackClock "0:00:01"]

1. d4 d5 2. Bf4 Nf6 3. e3 c5 4. Nf3 Nc6 5. Nbd2 e6 6. c3 Be7 7. Ne5 Nxe5 8. dxe5 Nd7 9. h4 Qb6 10. Rb1 c4 11. Qg4 Rg8 12. Be2 Nc5 13. O-O Bd7 14. b3 cxb3 15. axb3 g6 16. c4 h5 17. Qg3 Ne4 18. Nxe4 dxe4 19. Rfd1 O-O-O 20. c5 Bxc5 21. Bg5 Bc6 22. Bxd8 Rxd8 23. Qg5 Qc7 24. Rdc1 Rd5 25. b4 Rxe5 26. Qf6 Bd6 27. b5 Rf5 28. Qh8+ Kd7 29. bxc6+ bxc6 30. Qa8 Bh2+ 31. Kh1 Kd6 32. Kxh2 Rxf2 33. Bf1 Ke7+ 34. Kg1 Qg3 35. Qxa7+ Kf6 36. Qd4+ Kf5 37. Rc5+ e5 38. Qxe5+ Qxe5 39. Rxe5+ Kxe5 40. Kxf2 1-0


[Site "https://www.chess.com"]

[Event "Titled Tuesday Blitz April 12 Late 2022"]
[White "Kosteniuk, Alexandra"]
[Black "Le Goff, Ronan"]
[WhiteFideId "4128125"]
[BlackFideId "612073"]
[WhiteElo "2469"]
[BlackElo "2276"]
[Result "1/2-1/2"]
[Round "08"]
[TimeControl "180+1"]
[Date "2022.04.12"]
[WhiteClock "0:00:38"]
[BlackClock "0:00:03"]

1. e4 e5 2. Nf3 Nc6 3. Bc4 Nf6 4. d4 exd4 5. e5 d5 6. Bb5 Ne4 7. Nxd4 Bc5 8. Bxc6+ bxc6 9. O-O Ba6 10. Re1 Nxf2 11. Kxf2 Qh4+ 12. g3 Qxh2+ 13. Kf3 h5 14. Rh1 Be2+ 15. Ke3 Qg2 16. Qxe2 Bxd4+ 17. Kd3 Qxh1 18. Nd2 Bb6 19. Nf3 h4 20. e6 O-O-O 21. exf7 hxg3 22. Bg5 Qxa1 23. Bxd8 Rxd8 24. Qe6+ Kb7 25. Qe8 Qd1+ 26. Nd2 Rxe8 27. fxe8=Q g2 28. b4 g1=Q 29. b5 Qg2 30. Qxc6+ Kc8 31. Qe8+ Kb7 32. Qc6+ Kc8 33. Qe8+ Kb7 34. Qc6+ 1/2-1/2


[Site "https://www.chess.com"]

[Event "Titled Tuesday Blitz April 12 Late 2022"]
[White "Koziorowicz, Michal"]
[Black "Renjith, Sravan"]
[WhiteFideId "21809194"]
[BlackFideId "4306783"]
[WhiteElo "2235"]
[BlackElo "1863"]
[Result "1-0"]
[Round "08"]
[TimeControl "180+1"]
[Date "2022.04.12"]
[WhiteClock "0:01:00"]
[BlackClock "0:00:02"]

1. Nc3 e5 2. e4 Nf6 3. Bc4 Nc6 4. d3 Bc5 5. f4 d6 6. Nf3 Na5 7. fxe5 dxe5 8. Bb3 Nxb3 9. axb3 Bg4 10. Bg5 h6 11. Bh4 g5 12. Bg3 Nd7 13. h3 Bh5 14. Qd2 Bxf3 15. gxf3 c6 16. h4 Qf6 17. Qe2 O-O-O 18. O-O-O Rdg8 19. Na4 Bd6 20. Qf2 Kb8 21. d4 exd4 22. Bxd6+ Qxd6 23. Rxd4 Qf4+ 24. Kb1 Ne5 25. Rhd1 Nxf3 26. Rd6 g4 27. Nc5 g3 28. Qg2 Nxh4 29. Qh3 Qg4 30. Rd8+ Rxd8 31. Rxd8+ Rxd8 32. Qxg4 g2 33. Nd3 Re8 34. e5 Re6 35. Nf4 Rxe5 36. Nxg2 Ng6 37. Qd7 1-0


[Site "https://www.chess.com"]

[Event "Titled Tuesday Blitz April 12 Late 2022"]
[White "Leitao, Rafael"]
[Black "Iskusnyh, Sergei"]
[WhiteFideId "2101246"]
[BlackFideId "4120027"]
[WhiteElo "2609"]
[BlackElo "2492"]
[Result "0-1"]
[Round "08"]
[TimeControl "180+1"]
[Date "2022.04.12"]
[WhiteClock "0:00:15"]
[BlackClock "0:00:47"]

1. c4 e5 2. Nc3 Bb4 3. Nd5 Be7 4. Nf3 d6 5. d3 Nf6 6. Nxe7 Qxe7 7. g3 c5 8. Bg2 h6 9. O-O O-O 10. a3 Nc6 11. b4 Bg4 12. bxc5 dxc5 13. h3 Bf5 14. Bb2 Rad8 15. Nd2 Nd4 16. Rb1 e4 17. e3 Nf3+ 18. Nxf3 exf3 19. Qxf3 Bxd3 20. Bxf6 Qxf6 21. Qxf6 gxf6 22. Rxb7 Bxf1 23. Kxf1 Rd1+ 24. Ke2 Ra1 25. Rxa7 Ra2+ 26. Kd3 Rxf2 27. Bd5 Ra2 28. a4 f5 29. a5 Rb8 30. Kc3 Rab2 31. Ra8 Rb3+ 32. Kd2 Rxa8 33. Bxa8 Ra3 34. Bc6 Kg7 35. Ke2 Rxa5 36. Kf3 Kf6 37. Kf4 Ra1 0-1


[Site "https://www.chess.com"]

[Event "Titled Tuesday Blitz April 12 Late 2022"]
[White "Levin, Anthony"]
[Black "Zhou, Qiyu"]
[WhiteFideId "30940680"]
[BlackFideId "505161"]
[WhiteElo "2085"]
[BlackElo "1925"]
[Result "0-1"]
[Round "08"]
[TimeControl "180+1"]
[Date "2022.04.13"]
[WhiteClock "0:00:02"]
[BlackClock "0:00:22"]

1. d4 Nf6 2. c4 e6 3. g3 d5 4. Bg2 Bb4+ 5. Bd2 Be7 6. Nf3 O-O 7. O-O c6 8. Bf4 dxc4 9. Qc2 b5 10. b3 cxb3 11. axb3 Bb7 12. Rd1 Nbd7 13. Nc3 Nd5 14. Ne4 Nxf4 15. gxf4 Qc7 16. e3 a5 17. Rdc1 Qb6 18. Neg5 g6 19. Ne4 Rfc8 20. Ne5 Nxe5 21. fxe5 Kg7 22. Nc5 Bxc5 23. Qxc5 Qxc5 24. Rxc5 Ra6 25. Ra3 Kf8 26. Kf1 Ke7 27. Ke1 Kd7 28. Kd2 Kc7 29. Bf1 Kb6 30. Ra1 Rca8 31. Be2 a4 32. bxa4 Rxa4 33. Rxa4 Rxa4 34. Rc2 Ra1 35. Bd3 Rh1 36. Kc3 Rxh2 37. Be4 Rh4 38. Bf3 h5 39. Kd3 Rh2 0-1


[Site "https://www.chess.com"]

[Event "Titled Tuesday Blitz April 12 Late 2022"]
[White "Maksimovic, Bojan"]
[Black "Lashkin, Jegor"]
[WhiteFideId "14408120"]
[BlackFideId "13907808"]
[WhiteElo "2448"]
[BlackElo "2368"]
[Result "0-1"]
[Round "08"]
[TimeControl "180+1"]
[Date "2022.04.12"]
[WhiteClock "0:00:08"]
[BlackClock "0:00:10"]

1. d4 Nf6 2. c4 e6 3. Nf3 d5 4. g3 dxc4 5. Bg2 a6 6. a4 Nc6 7. O-O Rb8 8. e3 b5 9. axb5 axb5 10. b3 cxb3 11. Qxb3 Bd6 12. Bb2 O-O 13. Rc1 Bb7 14. Nc3 Nb4 15. Qd1 Qe7 16. Qe2 Bxf3 17. Bxf3 c6 18. Bg2 Rfc8 19. e4 e5 20. dxe5 Bxe5 21. f4 Bd4+ 22. Kh1 Qe6 23. e5 Ng4 24. h3 Nf2+ 25. Kh2 Nbd3 26. Rf1 Nxb2 27. Qxb2 b4 28. Rxf2 bxc3 29. Qe2 Rb2 30. f5 Rxe2 31. Rxe2 Qxf5 32. e6 fxe6 33. Be4 Qc5 34. Rf1 g6 35. Rc2 Rb8 36. Re1 Rb2 37. Ree2 Rxc2 38. Bxc2 Be5 39. Rg2 Qd4 40. h4 Qxh4+ 41. Kg1 Bxg3 42. Kf1 Qf4+ 43. Kg1 Qe3+ 44. Kh1 Qc1+ 45. Rg1 Qxc2 46. Rg2 Qd1+ 47. Rg1 Qf3+ 48. Rg2 Qf1+ 49. Rg1 Qh3# 0-1


[Site "https://www.chess.com"]

[Event "Titled Tuesday Blitz April 12 Late 2022"]
[White "Maranhao,Jose Renato Ruiz"]
[Black "Friedel, Tom"]
[WhiteFideId "2135175"]
[BlackFideId "2002108"]
[WhiteElo "1970"]
[BlackElo "2386"]
[Result "0-1"]
[Round "08"]
[TimeControl "180+1"]
[Date "2022.04.13"]
[WhiteClock "0:00:01"]
[BlackClock "0:00:46"]

1. e4 c6 2. d4 d5 3. e5 Bf5 4. Nf3 e6 5. Be2 Ne7 6. Be3 Nd7 7. Nbd2 Bg6 8. Nb3 Nf5 9. O-O Be7 10. a4 O-O 11. a5 c5 12. c4 cxd4 13. Bxd4 Nxd4 14. Qxd4 dxc4 15. Bxc4 Nc5 16. Qe3 Qc7 17. Nbd4 Rac8 18. Rfc1 Qb8 19. Nb5 a6 20. Nc3 Rfd8 21. Nd4 Nd7 22. Be2 Qxe5 23. Qxe5 Nxe5 0-1


[Site "https://www.chess.com"]

[Event "Titled Tuesday Blitz April 12 Late 2022"]
[White "Martic, Ivan"]
[Black "Tanenbaum, Zachary"]
[WhiteFideId "929301"]
[BlackFideId "2060850"]
[WhiteElo "2317"]
[BlackElo "2168"]
[Result "1-0"]
[Round "08"]
[TimeControl "180+1"]
[Date "2022.04.13"]
[WhiteClock "0:00:05"]
[BlackClock "0:00:05"]

1. d4 d5 2. c4 Bf5 3. cxd5 Bxb1 4. Qa4+ c6 5. Rxb1 Qxd5 6. e3 Nd7 7. Nf3 Ngf6 8. Bc4 Qf5 9. Ra1 Nb6 10. Qb3 Nxc4 11. Qxc4 e6 12. O-O Bd6 13. Bd2 g5 14. Bb4 Bc7 15. Rad1 g4 16. Ne5 Bxe5 17. dxe5 Nd7 18. e4 Qg5 19. Qd4 Nxe5 20. Kh1 f6 21. Qd6 Kf7 22. Bc3 Rhe8 23. f4 gxf3 24. gxf3 Qf4 25. Bd2 Qh4 26. Bb4 Ng6 27. Qc7+ Ne7 28. Rd7 f5 29. Bxe7 Rxe7 30. Rg1 Re8 31. Qxb7 Qf4 32. Rxe7+ Rxe7 33. Qb3 Rd7 34. exf5 Qxf5 35. Qe3 Rd3 36. Qxa7+ Kf8 37. Qb8+ Kf7 38. Qg8+ Ke7 39. Rg7+ Kd6 40. Qd8+ Kc5 41. Qa5+ Kd6 42. Qxf5 exf5 43. Rxh7 Rxf3 44. Rb7 Rf2 45. Kg1 Rc2 46. a4 f4 47. a5 f3 48. a6 Rc5 49. a7 Ra5 50. Kf2 Ke5 51. Kxf3 Kd4 52. h4 Rf5+ 53. Kg4 Ra5 54. h5 Kc4 55. h6 Ra1 56. h7 Rg1+ 57. Kf3 Rf1+ 58. Ke2 Ra1 59. h8=Q 1-0


[Site "https://www.chess.com"]

[Event "Titled Tuesday Blitz April 12 Late 2022"]
[White "Martinez Reyes, Pedro Ramon"]
[Black "Lin, Dachey"]
[WhiteFideId "3901807"]
[BlackFideId "2029650"]
[WhiteElo "2410"]
[BlackElo "2313"]
[Result "0-1"]
[Round "08"]
[TimeControl "180+1"]
[Date "2022.04.12"]
[WhiteClock "0:00:58"]
[BlackClock "0:00:44"]

1. e4 g6 2. d4 Bg7 3. Nc3 d5 4. exd5 Nf6 5. Nf3 Nbd7 6. a4 Nb6 7. a5 Nbxd5 8. a6 b6 9. Bb5+ Bd7 10. Bd3 O-O 11. O-O Rc8 12. Nb5 c6 13. Na3 Nb4 14. Be2 b5 15. c3 Nbd5 16. Nc2 Qb6 17. Ne5 Be6 18. Bg5 Rfe8 19. Qd2 Ne4 20. Qc1 Nxg5 21. Qxg5 f6 22. Qg3 fxe5 23. dxe5 c5 24. f4 Bf5 25. Na3 Nc7 26. c4 b4 27. Nb5 Nxb5 28. cxb5 c4+ 29. Kh1 Qxb5 30. Rfc1 Bd3 31. Bg4 Rcd8 32. h4 h5 33. Be6+ Kh7 34. Rd1 Rf8 35. b3 c3 36. f5 Bxf5 37. Rxd8 Rxd8 38. Bxf5 gxf5 39. Qg5 Qxe5 40. Qxh5+ Kg8 41. Qxf5 0-1


[Site "https://www.chess.com"]

[Event "Titled Tuesday Blitz April 12 Late 2022"]
[White "Melikhov, Evgeny V."]
[Black "Romanchuk, Viktor"]
[WhiteFideId "4122046"]
[BlackFideId "14109271"]
[WhiteElo "1931"]
[BlackElo "2242"]
[Result "0-1"]
[Round "08"]
[TimeControl "180+1"]
[Date "2022.04.13"]
[WhiteClock "0:00:39"]
[BlackClock "0:01:08"]

1. d4 d5 2. c4 c6 3. Nc3 Nf6 4. e3 e6 5. Nf3 Nbd7 6. Bd3 Be7 7. O-O O-O 8. e4 dxe4 9. Nxe4 c5 10. Nxc5 Nxc5 11. dxc5 Bxc5 12. Qe2 b6 13. Rd1 Qc7 14. Bg5 Bb7 15. Bxf6 gxf6 16. Be4 Rfd8 17. Bxb7 Qxb7 18. Rxd8+ Rxd8 19. Rd1 Rxd1+ 20. Qxd1 Qe4 21. b3 Kg7 22. Qe1 Qc2 23. Qd2 Qb1+ 24. Ne1 a5 25. Kf1 Bb4 26. Qe3 Bxe1 27. Qxe1 Qxa2 28. Qe3 Qb1+ 29. Ke2 Qb2+ 30. Kf3 a4 31. bxa4 Qb4 32. g4 Qxa4 33. Qxb6 Qxc4 34. Kg3 Qc3+ 35. f3 Qe5+ 36. Kg2 f5 37. h3 Qe2+ 38. Kg3 Qe1+ 39. Kg2 f4 40. Qb2+ e5 41. Qc2 Qg3+ 42. Kf1 Qxf3+ 43. Kg1 Qg3+ 0-1


[Site "https://www.chess.com"]

[Event "Titled Tuesday Blitz April 12 Late 2022"]
[White "Minko, Dmitry"]
[Black "Karttunen, Mika"]
[WhiteFideId "24188468"]
[BlackFideId "502081"]
[WhiteElo "1928"]
[BlackElo "2343"]
[Result "1/2-1/2"]
[Round "08"]
[TimeControl "180+1"]
[Date "2022.04.13"]
[WhiteClock "0:00:52"]
[BlackClock "0:00:19"]

1. e4 e5 2. Nf3 Nc6 3. d4 exd4 4. Nxd4 Nf6 5. Nc3 Bb4 6. Nxc6 bxc6 7. Bd3 d5 8. exd5 O-O 9. O-O cxd5 10. Bg5 c6 11. Qf3 h6 12. Bxf6 Qxf6 13. Qxf6 gxf6 14. Ne2 Rb8 15. Rab1 Bd6 16. Ng3 c5 17. b3 Be6 18. Nh5 Be5 19. Rfe1 c4 20. bxc4 dxc4 21. Be4 Bc3 22. Rf1 f5 23. Bf3 Be5 24. Ng3 c3 25. Rfe1 Rb2 26. Be2 Bf4 27. Bd3 Bd2 28. Red1 Rfb8 29. Ra1 f4 30. Ne4 Rxa2 31. Rxa2 Bxa2 32. Kf1 Rb1 33. Rxb1 Bxb1 34. Nxd2 cxd2 35. Ke2 a5 36. Kxd2 a4 37. c4 Ba2 38. Bc2 Bxc4 39. Bxa4 Bd5 40. g3 fxg3 41. hxg3 Kg7 42. Ke3 f6 43. Bd1 Be6 44. Kf4 Kf8 45. Bg4 Bf7 46. Kf5 Kg7 47. Bd1 Bg6+ 48. Ke6 Bf7+ 49. Ke7 Bg6 50. f4 Bf5 51. g4 Bd3 52. Kd6 Be4 53. Be2 Bc2 54. Ke7 Bb1 1/2-1/2


[Site "https://www.chess.com"]

[Event "Titled Tuesday Blitz April 12 Late 2022"]
[White "Mirzoev, Azer"]
[Black "Sadilek, Peter"]
[WhiteFideId "13400304"]
[BlackFideId "1616439"]
[WhiteElo "2525"]
[BlackElo "2145"]
[Result "0-1"]
[Round "08"]
[TimeControl "180+1"]
[Date "2022.04.13"]
[WhiteClock "0:01:35"]
[BlackClock "0:00:30"]

1. d4 Nf6 2. c4 e6 3. Nc3 Bb4 4. e3 O-O 5. Ne2 c6 6. a3 Ba5 7. b4 Bc7 8. Bb2 d5 9. Ng3 Nbd7 10. Rc1 dxc4 11. Bxc4 e5 12. Nce2 exd4 13. Bxd4 Ne5 14. Bb3 h5 15. Nf4 h4 16. Ngh5 Nxh5 17. Qxh5 Bg4 18. Qxe5 Bxe5 19. Bxe5 g5 20. Ne2 Qd3 21. Nd4 Rae8 22. Bf6 Rxe3+ 23. fxe3 Qxe3+ 24. Kf1 Qxc1+ 0-1


[Site "https://www.chess.com"]

[Event "Titled Tuesday Blitz April 12 Late 2022"]
[White "Moroni, Luca Jr"]
[Black "Xiong, Jeffery"]
[WhiteFideId "865834"]
[BlackFideId "2047640"]
[WhiteElo "2573"]
[BlackElo "2727"]
[Result "0-1"]
[Round "08"]
[TimeControl "180+1"]
[Date "2022.04.12"]
[WhiteClock "0:00:02"]
[BlackClock "0:00:15"]

1. c4 g6 2. d4 Bg7 3. g3 d6 4. Bg2 Nc6 5. Nf3 Bd7 6. Nc3 Qc8 7. h3 Nf6 8. Be3 O-O 9. Qd2 e5 10. d5 Ne7 11. g4 h5 12. Bh6 hxg4 13. hxg4 Nxg4 14. Bxg7 Kxg7 15. Ne4 Rh8 16. O-O-O Rxh1 17. Rxh1 Ng8 18. Nfg5 N4h6 19. f4 Qe8 20. Qc3 f6 21. Nf3 Bf5 22. Nh4 exf4 23. Nxf5+ Nxf5 24. Ng5 Ng3 25. Rh7+ Kf8 26. Bf3 Qxe2 27. Ne6+ Ke8 28. Nxc7+ Kd8 29. Ne6+ Ke8 30. a3 Rc8 31. Ng7+ Kd7 32. Nf5+ Kd8 33. Nxg3 Qxc4 34. Ne4 Qf1+ 35. Kd2 Rxc3 0-1


[Site "https://www.chess.com"]

[Event "Titled Tuesday Blitz April 12 Late 2022"]
[White "Moussard, Jules"]
[Black "Kamsky, Gata"]
[WhiteFideId "642908"]
[BlackFideId "2000024"]
[WhiteElo "2589"]
[BlackElo "2645"]
[Result "0-1"]
[Round "08"]
[TimeControl "180+1"]
[Date "2022.04.12"]
[WhiteClock "0:00:13"]
[BlackClock "0:01:13"]

1. f4 f5 2. Nf3 Nf6 3. b3 g6 4. Bb2 Bg7 5. g3 O-O 6. Bg2 d6 7. O-O e5 8. fxe5 Ng4 9. Nc3 dxe5 10. e4 Nc6 11. Qe2 Be6 12. h3 Nf6 13. Ng5 Nd4 14. Qd3 Bd7 15. Rae1 Nh5 16. h4 f4 17. gxf4 Nxf4 18. Qc4+ Kh8 19. Nd5 Bb5 20. Qxc7 Bxf1 21. Rxf1 Qxc7 22. Nxc7 Rac8 23. Bxd4 exd4 24. Nb5 Ne2+ 25. Kh2 Be5+ 26. Kh3 Nf4+ 27. Kg3 Rxc2 28. Nf3 Nh5+ 29. Kf2 Rxd2+ 30. Kg1 Rxf3 31. Rxf3 Nf4 32. Bf1 d3 33. Na3 Ne2+ 34. Bxe2 dxe2 35. Kf2 Rxa2 36. Nc4 Bd4+ 37. Ke1 b5 38. Nd2 b4 39. Kxe2 Bc3 40. Rd3 Kg7 41. e5 Rxd2+ 42. Rxd2 Bxd2 43. Kxd2 Kf7 44. Kd3 Ke6 45. Ke4 a5 46. Kd4 h6 47. Kc4 Kxe5 48. Kb5 Kd5 49. Kxa5 Kc5 0-1


[Site "https://www.chess.com"]

[Event "Titled Tuesday Blitz April 12 Late 2022"]
[White "Najer, Evgeniy"]
[Black "Zhigalko, Sergei"]
[WhiteFideId "4118987"]
[BlackFideId "13502956"]
[WhiteElo "2562"]
[BlackElo "2662"]
[Result "0-1"]
[Round "08"]
[TimeControl "180+1"]
[Date "2022.04.12"]
[WhiteClock "0:00:01"]
[BlackClock "0:00:10"]

1. e4 c5 2. Nf3 Nc6 3. Nc3 Nf6 4. Bb5 Qc7 5. O-O Nd4 6. Re1 a6 7. Bf1 Ng4 8. e5 h5 9. b4 e6 10. Bb2 Nxf3+ 11. Qxf3 cxb4 12. Ne4 Nxe5 13. Qg3 d6 14. a3 h4 15. Qg5 f6 16. Qf4 d5 17. Nxf6+ gxf6 18. Rxe5 fxe5 19. Bxe5 Qh7 20. Bd3 Qh6 21. Qg4 Bd7 22. Bg6+ Kd8 23. Bf7 Be7 24. Qd4 Bg5 25. Bxh8 Ke7 26. Be5 Kxf7 27. Qxb4 Bc6 28. d3 Rg8 29. Re1 Qg6 30. Qd4 Be3 0-1


[Site "https://www.chess.com"]